 Dungeon Crawl Stone Soup version 0.27-a0-1559-g299f9947c5 (webtiles) character file.

Game seed: 18441387063230758488

86321 HAL9000 the Unseen (level 15, -11/77 HPs)
             Began as a Vine Stalker Brigand on July 14, 2021.
             Was a High Priest of Dithmenos.
             Mangled by a large slime creature (32 damage)
             ... on level 11 of the Dungeon on July 16, 2021.
             The game lasted 01:08:22 (21441 turns).

HAL9000 the Unseen (Vine Stalker Brigand)          Turns: 21441, Time: 01:08:22

Health: -11/77     AC: 14    Str: 17    XL:     15   Next: 86%
Magic:  0/22       EV: 15    Int: 17    God:    Dithmenos [*****.]
Gold:   980        SH: 10    Dex: 16    Spells: 9/23 levels left

rFire    . . .     SeeInvis .   u - +5 short sword of Revolt {drain, rPois rN++}
rCold    . . .     Faith    .   f - +0 buckler
rNeg     + + .     Spirit   +   E - +1 steam dragon scales
rPois    +         Reflect  +   B - +2 helmet {Int+3}
rElec    .         Harm     .   c - +0 cloak
rCorr    .         Rampage  .   O - +2 pair of gloves
Will     +....                  (no boots) Stlth ***+++++++
                                p - amulet of reflection
HPRegen  1.22/turn              F - +4 ring of evasion
MPRegen  0.18/turn              A - ring of wizardry

@: wreathed by umbra
A: fangs 3, regeneration 1, magic shield, antimagic bite, no potion heal 2
a: Renounce Religion, Shadow Step, Shadow Form


You were on level 11 of the Dungeon.
You worshipped Dithmenos.
Dithmenos was extremely pleased with you.
You visited 6 branches of the dungeon, and saw 23 of its levels.

You collected 2285 gold pieces.
You spent 1305 gold pieces at shops.

Inventory:

Hand Weapons
 i - a +0 rapier of holy wrath
 q - a +1 dagger of electrocution
 u - the +5 short sword of Revolt (weapon) {drain, rPois rN++}
   (You bought it in a shop on level 2 of the Orcish Mines)

   A truly terrible weapon, it drains the life of any living foe it strikes.
   rPois:     It protects you from poison.
   rN:        It greatly protects you from negative energy.
 G - the +5 falchion of Conflict {flame, Will+ rCorr}
   (You found it on level 6 of the Dungeon)

   It burns those it strikes, dealing additional fire damage.
   Big, fiery blades are also staple armaments of hydra-hunters.
   rCorr:     It protects you from acid and corrosion.
   Will:      It increases your willpower.
Missiles
 b - 8 curare-tipped darts
 d - 51 poisoned darts
 o - 2 throwing nets
 t - 6 boomerangs
 z - 8 javelins (quivered)
 M - 2 boomerangs of dispersal
 Q - 9 datura-tipped darts
Armour
 c - a +0 cloak (worn)
 f - a +0 buckler (worn)
 y - a +1 helmet of see invisible
 B - a +2 helmet of intelligence (worn)
 E - +1 steam dragon scales (worn)
 O - a +2 pair of gloves (worn)
Jewellery
 g - an amulet of the acrobat
 l - a ring of resist corrosion
 p - an amulet of reflection (around neck)
 A - a ring of wizardry (right hand)
 F - a +4 ring of evasion (left hand)
Wands
 e - a wand of flame (34)
 r - a wand of paralysis (8)
 x - a wand of iceblast (8)
 N - a wand of mindburst (1)
 T - a wand of acid (13)
 U - a wand of charming (20)
Scrolls
 a - 4 scrolls of teleportation
 h - 3 scrolls of fear
 j - a scroll of identify
 n - 5 scrolls of vulnerability
 C - a scroll of blinking
 D - 3 scrolls of magic mapping
 H - 4 scrolls of summoning
 K - a scroll of fog
Potions
 k - 5 potions of curing
 m - 4 potions of ambrosia
 s - 2 potions of attraction
 v - 5 potions of berserk rage
 w - 2 potions of brilliance
 I - a potion of cancellation
 J - 2 potions of flight
 L - 2 potions of resistance
 P - a potion of invisibility
 Z - a potion of might
Miscellaneous
 Y - a phial of floods


   Skills:
 - Level 7.8 Fighting
 + Level 10.9 Short Blades
 - Level 1.7 Throwing
 - Level 5.4 Armour
 - Level 0.7 Dodging
 - Level 20.4 Stealth
 - Level 4.0 Shields
 - Level 4.6 Spellcasting
 - Level 10.0 Hexes
 - Level 3.6 Translocations
 - Level 6.2 Air Magic
 - Level 8.0 Poison Magic


You had 9 spell levels left.
You knew the following spells:

 Your Spells              Type           Power      Damage    Failure   Level
a - Mephitic Cloud        Conj/Pois/Air  20%        N/A       2%          3
b - Blink                 Tloc           N/A        N/A       1%          2
c - Ensorcelled Hibernat  Hex/Ice        42%        N/A       1%          2
d - Ignite Poison         Fire/Tmut/Pois 13%        N/A       6%          3
e - Olgreb's Toxic Radia  Pois           31%        N/A       2%          4

Your spell library contained the following spells:

 Spells                   Type           Power      Damage    Failure   Level
 Corona                   Hex            42%        N/A       1%          1
 Sting                    Tmut/Pois      68%        1d6       1%          1
 Poisonous Vapours        Pois/Air       56%        N/A       1%          2
 Tukima's Dance           Hex            38%        N/A       1%          3
 Lesser Beckoning         Tloc           8%         N/A       4%          3
 Magic Dart               Conj           12%        1d3       6%          1
 Call Imp                 Summ           3%         N/A       9%          2
 Conjure Flame            Conj/Fire      3%         6-21      17%         3
 Manifold Assault         Tloc           16%        N/A       34%         5
 Sticky Flame             Conj/Fire      3%         2d3       50%         4
 Bolt of Magma            Conj/Fire/Erth 1%         4d4       82%         5
 Storm Form               Tmut/Air       7%         N/A       100%        7
 Borgnjor's Revivificati  Necr           1%         N/A       100%        8
 Necromutation            Tmut/Necr      1%         N/A       100%        8
 Death's Door             Necr           1%         N/A       100%        9


Dungeon Overview and Level Annotations

Branches:
Dungeon (12/15)            Temple (1/1) D:7            Lair (6/6) D:9
  Swamp (1/4) Lair:4       Spider (1/4) Lair:3        Slime (0/5) Lair:5
    Orc (2/2) D:9             Elf (0/3) Orc:2

Altars:
Ashenzari
Cheibriados
Dithmenos
Elyvilon
Fedhas
Gozag
Hepliaklqana
Kikubaaqudgha
Makhleb
Nemelex Xobeh
Okawaru
Qazlal
Ru
Sif Muna
Trog
Uskayaw
Vehumet
Wu Jian
Xom
Yredelemnul
Zin
The Shining One
Beogh
Jiyva
Lugonu

Shops:
D:1 (   D:5 ?   D:6 !   D:12 ?   Orc:1 ?   Orc:2 *:*[

Portals:
Abyss: D:3

Annotations:
Lair:4 2 transporters, Minuumom's ghost, journeyman DsVM; loom's ghost, adept DjAE
Lair:6 2 transporters, loom's ghost, journeyman DjAE


Innate Abilities, Weirdness & Mutations

You have razor-sharp teeth.
Your natural rate of healing is unusually fast.
When hurt, damage is shared between your health and your magic reserves.
Your bite disrupts and absorbs the magic of your enemies.
Potions cannot restore your health.


Message History

The slime creature is lightly wounded.
Your shadow hits the slime creature with a short sword.
You hit the slime creature but do no damage.
The slime creature is lightly wounded.
The slime creature hits you but does no damage.
The slime creature closely misses you. The acid dragon bites you!
The acid dragon closely misses you.
You hit the acid dragon but do no damage.
Your bite misses the acid dragon. You hit the acid dragon.
The acid dragon is lightly wounded.
Your shadow hits the acid dragon with a short sword.
The slime creature misses you. You block the slime creature's attack.
The acid dragon spits acid at you. The splash of acid hits you!
You are splashed with acid!
You closely miss the acid dragon. You bite the acid dragon.
You drain its power.
You feel invigorated.
The acid dragon is lightly wounded.
Two slime creatures merge to form a large slime creature.
There is an open door here.
The acid dragon spits acid at you. The splash of acid hits you!
You are splashed with acid!
* * * LOW HITPOINT WARNING * * *
There is an open door here.
You are no longer corroded.
The acid dragon spits acid at you. The splash of acid hits you.
The acid corrodes you!
You are splashed with acid!
* * * LOW HITPOINT WARNING * * *
You enter the shallow water.
Moving in this stuff is going to be slow.
The large slime creature jiggles.
There is a stone staircase leading up here.
The large slime creature hits you!!
* * * LOW HITPOINT WARNING * * *
You climb upwards.
There is a stone staircase leading down here.
Unknown command.
You are no longer corroded.
The large slime creature hits you!!
You die...

.......##......^...#
#.....###..........#
##...##.#..<.......#
.##.##)⌠+.>........#
..#'#...#..........#
...'...##..........#
#.....##...........#
##.⌠.##....♣.≈≈J...#
.##.##....≈P.PP♣@..#
..#+#..##≈≈≈.≈≈≈≈..#
...+....♣≈≈≈.≈PP♣..#
........♣P≈≈.≈≈≈♣..#
........♣≈≈P.P≈≈♣..#
###.....♣≈≈≈.≈P≈♣..#
..##....≈≈P≈.≈♣♣...#
..'...[..≈≈≈.≈♣♣...#
..#......♣≈≈.≈♣♣.<.#


You could see a large slime creature.

Vanquished Creatures
  Azrael (Orc:1)
  A dire elephant (Lair:6)
  A fire dragon (Lair:6)
  Josephine (Lair:5)
  Harold (D:9)
  11 hydras
  3 boulder beetles
  4 ogre magi (Orc:2)
  20 two-headed ogres
  A catoblepas (Lair:6)
  3 death yaks (Lair:6)
  Urug (Lair:1)
  A goliath frog (Swamp:1)
  A bog body (Swamp:1)
  A swamp dragon (Lair:6)
  A lindwurm (Lair:6)
  2 orc knights
  Pikel (D:7)
  A deep elf pyromancer (D:12)
  The ghost of Beaer the Covert, a novice VSBr of Okawaru (D:7)
  2 orc sorcerers (Orc:1)
  A wolf spider (Spider:1)
  An ugly thing (D:12)
  A cyclops (Orc:1)
  Maurice (D:12)
  3 manticores
  A torpor snail (Lair:2)
  12 elephants
  3 black mambas
  Maggie (D:6)
  5 komodo dragons
  18 cane toads
  A kobold demonologist (D:10)
  6 rime drakes
  4 trolls
  2 polar bears
  4 jumping spiders (Spider:1)
  Prince Ribbit (D:9)
  7 slime creatures (D:12)
  8 dream sheep
  18 blink frogs
  A tyrant leech (Swamp:1)
  5 wyverns
  4 redbacks (Spider:1)
  4 tarantellas (Spider:1)
  50 yaks
  2 fire elementals
  6 wraiths
  8 basilisks
  The ghost of loom the Firebug, an amateur DrFE (D:4)
  4 steam dragons
  Edmund (D:6)
  5 swamp worms
  Menkaure (D:5)
  5 acid dragons
  6 wargs
  3 hell hounds
  Duvessa (D:5)
  14 water moccasins
  11 orc warriors
  A swamp drake (Lair:6)
  Purgy (D:4)
  2 ice beasts (D:6)
  A sky beast (D:6)
  2 black bears
  A necrophage (D:4)
  8 centaurs
  24 ogres
  14 wolves
  A lemure (D:7)
  A phantom (D:5)
  Blork the orc (D:4)
  2 kobold brigands
  8 bullfrogs
  2 gnoll sergeants
  A scorpion (D:3)
  Dowan (D:5)
  3 wyvern zombies
  A water moccasin skeleton (D:4)
  6 wights
  6 killer bees (D:10)
  2 howler monkeys (D:6)
  4 electric eels
  6 crimson imps (D:10)
  A centaur zombie (D:6)
  A bullfrog zombie (D:5)
  2 jellies
  10 orc priests
  4 centaur skeletons
  3 hounds (D:6)
  2 bullfrog skeletons
  4 iguanas
  16 orc wizards
  Ijyb (D:5)
  A scorpion zombie (D:5)
  A killer bee zombie (D:7)
  A hound skeleton (D:5)
  8 gnolls
  2 howler monkey zombies
  6 adders
  A howler monkey skeleton (D:5)
  3 shadow imps
  4 white imps
  2 adder skeletons (D:4)
  4 dart slugs
  51 orcs
  5 bats
  6 endoplasms
  3 giant cockroaches
  4 hobgoblins
  19 jackals
  20 kobolds
  5 ball pythons
  3 frilled lizards
  10 goblins
  4 rats
595 creatures vanquished.

Vanquished Creatures (others)
  2 bloated husks (Swamp:1)
  A kobold (D:8)
  A bush (Lair:3)
  35 fungi
  46 plants
85 creatures vanquished.

Grand Total: 680 creatures vanquished

Notes
Turn   | Place    | Note
-------+----------+-------------------------------------------
     0 | D:1      | HAL9000 the Vine Stalker Brigand began the quest for the
                  | Orb.
     0 | D:1      | Reached XP level 1. HP: 11/11 MP: 2/2
   101 | D:1      | Found Kewudats's Weapon Shoppe.
   122 | D:1      | Reached skill level 1 in Shields
   130 | D:1      | Reached XP level 2. HP: 6/15 MP: 1/3
   853 | D:2      | Reached XP level 3. HP: 18/18 MP: 4/4
  1612 | D:2      | Gained mutation: Your natural rate of healing is unusually
                  | fast. [Vine Stalker growth]
  1612 | D:2      | Reached XP level 4. HP: 14/23 MP: 5/5
  2086 | D:3      | Found a large runed translucent door.
  2088 | D:3      | Found a large runed translucent door.
  2089 | D:3      | Found a corrupted altar of Lugonu.
  2119 | D:3      | Found a shimmering altar of Xom.
  2206 | D:3      | Found a one-way gate to the infinite horrors of the Abyss.
  2567 | D:3      | Reached XP level 5. HP: 16/26 MP: 2/6
  2975 | D:3      | Reached XP level 6. HP: 11/30 MP: 3/7
  3026 | D:4      | Noticed a black bear
  3031 | D:4      | Killed a black bear
  3069 | D:4      | Noticed Blork the orc
  3084 | D:4      | Killed Blork the orc
  3204 | D:4      | Found a runed translucent gate.
  3216 | D:4      | Found a runed translucent gate.
  3217 | D:4      | Found a runed translucent gate.
  3219 | D:4      | Found an opulent altar of Gozag.
  3220 | D:4      | Noticed loom's ghost (amateur DrFE)
  3269 | D:4      | Reached skill level 5 in Short Blades
  3269 | D:4      | Reached XP level 7. HP: 24/34 MP: 5/8
  3316 | D:4      | Noticed Purgy
  3381 | D:4      | Killed Purgy
  3798 | D:4      | Found a snail-covered altar of Cheibriados.
  3864 | D:5      | Entered Level 5 of the Dungeon
  3899 | D:5      | Reached skill level 5 in Stealth
  4058 | D:5      | Noticed a troll
  4076 | D:5      | Killed a troll
  4077 | D:5      | Reached skill level 6 in Stealth
  4077 | D:5      | Gained mutation: You have razor-sharp teeth. [Vine Stalker
                  | growth]
  4077 | D:5      | Reached XP level 8. HP: 38/38 MP: 9/9
  4108 | D:5      | Found a sacrificial altar of Ru.
  4160 | D:5      | Found Huakhlaho's Magic Scroll Shop.
  4177 | D:5      | Noticed Menkaure
  4183 | D:5      | Killed Menkaure
  4187 | D:5      | Bought a scroll of teleportation for 33 gold pieces
  4187 | D:5      | Bought a scroll of teleportation for 33 gold pieces
  4187 | D:5      | Bought a scroll of teleportation for 33 gold pieces
  4187 | D:5      | Bought a scroll of teleportation for 33 gold pieces
  4187 | D:5      | Bought a scroll of teleportation for 33 gold pieces
  4325 | D:5      | Reached skill level 7 in Stealth
  4747 | D:5      | Noticed Ijyb
  4781 | D:5      | Killed Ijyb
  4881 | D:6      | Noticed Duvessa
  4881 | D:6      | Noticed Dowan
  4916 | D:6      | Reached skill level 8 in Stealth
  5050 | D:6      | Reached XP level 9. HP: 42/42 MP: 10/10
  5179 | D:5      | Killed Duvessa
  5180 | D:5      | Reached skill level 9 in Stealth
  5183 | D:5      | Killed Dowan
  5417 | D:6      | Noticed Maggie
  5473 | D:6      | Killed Maggie
  5510 | D:6      | Learned a level 3 spell: Mephitic Cloud
  5680 | D:6      | Reached skill level 10 in Stealth
  5680 | D:6      | Reached skill level 1 in Air Magic
  5713 | D:6      | Found Nomi's Distillery.
  5990 | D:6      | Noticed Edmund
  6005 | D:6      | Killed Edmund
  6065 | D:6      | Reached skill level 11 in Stealth
  6072 | D:6      | Identified the +5 falchion of Conflict {flame, Will+ rCorr}
  6090 | D:6      | Reached XP level 10. HP: 46/46 MP: 11/11
  6359 | D:7      | Noticed Pikel
  6393 | D:7      | Killed Pikel
  6394 | D:7      | Reached skill level 12 in Stealth
  6525 | D:7      | Found a white marble altar of Elyvilon.
  6676 | D:7      | Found a staircase to the Ecumenical Temple.
  6697 | D:7      | Noticed Beaer's ghost (novice VSBr)
  6748 | Temple   | Entered the Ecumenical Temple
  6892 | Temple   | Became a worshipper of Dithmenos the Shadowed
  6965 | D:7      | Found a runed translucent door.
  7057 | D:7      | Found an ornate altar of the Wu Jian Council.
  7063 | D:7      | Found an ancient bone altar of Kikubaaqudgha.
  7064 | D:7      | Found a bloodstained altar of Trog.
  7065 | D:7      | Found a basalt altar of Yredelemnul.
  7204 | D:7      | Killed Beaer's ghost
  7306 | D:4      | Killed loom's ghost
  7445 | D:8      | Found an opulent altar of Gozag.
  7445 | D:8      | Found an opulent altar of Gozag.
  7446 | D:8      | Found an opulent altar of Gozag.
  7450 | D:8      | Found an opulent altar of Gozag.
  7475 | D:8      | Reached skill level 13 in Stealth
  7475 | D:8      | Reached skill level 5 in Air Magic
  7637 | D:8      | Reached skill level 1 in Poison Magic
  8013 | D:9      | Found a burning altar of Makhleb.
  8029 | D:9      | Noticed a two-headed ogre
  8053 | D:9      | Killed a two-headed ogre
  8143 | D:9      | Found a staircase to the Orcish Mines.
  8148 | D:9      | Noticed an elephant
  8170 | D:9      | Killed an elephant
  8171 | D:9      | Reached skill level 14 in Stealth
  8171 | D:9      | Reached XP level 11. HP: 34/51 MP: 8/12
  8297 | D:9      | Reached * piety under Dithmenos
  8361 | D:9      | Noticed a two-headed ogre
  8369 | D:9      | Killed a two-headed ogre
  8483 | D:9      | Noticed Prince Ribbit
  8495 | D:9      | Killed Prince Ribbit
  8527 | D:9      | Found a staircase to the Lair.
  8780 | D:9      | Noticed an angel
  8781 | D:9      | Found a glowing silver altar of Zin.
  8947 | D:10     | Entered Level 10 of the Dungeon
  9018 | D:10     | Reached skill level 15 in Stealth
  9057 | D:10     | Noticed a two-headed ogre
  9071 | D:10     | Killed a two-headed ogre
 10074 | D:11     | Identified the +8 flail of Heal {freeze, Will+ Int+4 Dex+5
                  | Stlth+}
 10223 | D:11     | Noticed a two-headed ogre
 10225 | D:11     | Killed a two-headed ogre
 10297 | Lair:1   | Entered Level 1 of the Lair of Beasts
 10323 | D:9      | Reached ** piety under Dithmenos
 10343 | D:9      | Reached skill level 16 in Stealth
 10518 | Lair:1   | Noticed Urug
 10525 | Lair:1   | Killed Urug
 10526 | Lair:1   | Reached XP level 12. HP: 58/58 MP: 13/13
 10546 | Lair:1   | Learned a level 2 spell: Blink
 10549 | Lair:1   | Learned a level 2 spell: Ensorcelled Hibernation
 10553 | Lair:1   | Learned a level 3 spell: Ignite Poison
 11152 | Lair:2   | Noticed a five-headed hydra
 11163 | Lair:2   | Noticed a four-headed hydra
 11163 | Lair:2   | Noticed a six-headed hydra
 11193 | Lair:1   | Killed a one-headed hydra
 11194 | Lair:1   | Reached skill level 5 in Fighting
 11301 | Lair:2   | Killed a one-headed hydra
 11622 | Lair:2   | Reached skill level 1 in Hexes
 11875 | Lair:2   | Killed a one-headed hydra
 11971 | Lair:2   | Noticed a four-headed hydra
 11978 | Lair:2   | Killed a one-headed hydra
 12308 | Lair:3   | Reached skill level 5 in Hexes
 12341 | Lair:3   | Found a hole to the Spider Nest.
 12656 | Lair:3   | Noticed an eight-headed hydra
 12667 | Lair:3   | Killed a two-headed hydra
 12668 | Lair:3   | Reached XP level 13. HP: 23/67 MP: 7/14
 12747 | Lair:3   | Reached *** piety under Dithmenos
 13064 | Lair:4   | Found a transporter.
 13109 | Lair:3   | Reached skill level 1 in Spellcasting
 13163 | Lair:4   | Learned a level 4 spell: Olgreb's Toxic Radiance
 13178 | Lair:4   | Noticed loom's ghost (adept DjAE)
 13215 | Lair:4   | Noticed Minuumom's ghost (journeyman DsVM)
 13310 | Lair:4   | Found a transporter.
 13424 | Lair:4   | Reached skill level 1 in Translocations
 13638 | Lair:4   | Found a broken altar of Ashenzari.
 13942 | Lair:4   | Found a staircase to the Swamp.
 14364 | Lair:5   | Reached skill level 5 in Poison Magic
 14669 | Lair:5   | Reached **** piety under Dithmenos
 14815 | Lair:5   | Noticed Josephine
 14848 | Lair:5   | Killed Josephine
 14945 | Lair:5   | Found a viscous altar of Jiyva.
 14945 | Lair:5   | Found a staircase to the Slime Pits.
 15110 | Lair:5   | Reached XP level 14. HP: 37/72 MP: 17/21
 15176 | Lair:5   | You fall into a shaft and drop 1 floor!
 15176 | Lair:6   | Entered Level 6 of the Lair of Beasts
 15279 | Lair:6   | Reached skill level 17 in Stealth
 15527 | Lair:6   | Reached skill level 5 in Armour
 15800 | Lair:6   | Reached skill level 18 in Stealth
 16020 | Lair:6   | Reached ***** piety under Dithmenos
 16377 | Lair:6   | Found a transporter.
 16394 | Lair:6   | Noticed loom's ghost (journeyman DjAE)
 16395 | Lair:6   | Found a bloodstained altar of Trog.
 16416 | Lair:6   | Found a transporter.
 16568 | Lair:6   | Reached skill level 19 in Stealth
 17027 | Lair:6   | Noticed a dire elephant
 17097 | Lair:6   | Killed a dire elephant
 17639 | Lair:1   | Upgraded the game from 0.27-a0-1548-gf8a67e7463 to
                  | 0.27-a0-1555-g0e7b3fb1d2
 17690 | Orc:1    | Entered Level 1 of the Orcish Mines
 17697 | Orc:1    | Noticed Harold
 17788 | D:9      | Killed Harold
 17798 | Orc:1    | Reached skill level 20 in Stealth
 17798 | Orc:1    | Reached XP level 15. HP: 73/75 MP: 6/22
 18139 | Orc:1    | Found Lynuth's Magic Scroll Shop.
 18156 | Orc:1    | Bought a scroll of fear for 49 gold pieces
 18156 | Orc:1    | Bought a scroll of teleportation for 42 gold pieces
 18156 | Orc:1    | Bought a scroll of teleportation for 42 gold pieces
 18437 | Orc:2    | Entered Level 2 of the Orcish Mines
 18547 | Orc:2    | Noticed Azrael
 18828 | D:9      | HP: 3/112 [hell hound/blast of flame[Azrael] (7)]
 18831 | D:9      | HP: 1/112 [hell hound[Azrael] (2)]
 18836 | D:9      | HP: 3/112 [hell hound/blast of flame[Azrael] (1)]
 18920 | Orc:1    | Killed Azrael
 19309 | Orc:2    | Reached skill level 10 in Hexes
 19419 | Orc:2    | Found Nokhav's Assorted Antiques.
 19419 | Orc:2    | Found Zeereo's Armour Emporium.
 19420 | Orc:2    | Found Catofuos's Assorted Antiques.
 19420 | Orc:2    | Found Haom's Book Boutique.
 19457 | Orc:2    | Paralysed by an ogre mage for 2 turns
 19474 | Orc:2    | Bought a scroll of teleportation for 69 gold pieces
 19474 | Orc:2    | Bought a glowing rapier for 161 gold pieces
 19474 | Orc:2    | Bought a scroll of teleportation for 69 gold pieces
 19474 | Orc:2    | Bought a runed lapis lazuli amulet for 115 gold pieces
 19478 | Orc:2    | Bought a runed rapier for 189 gold pieces
 19479 | Orc:2    | Bought a bloodstained short sword for 184 gold pieces
 19479 | Orc:2    | Identified the +5 short sword of Revolt {drain, rPois rN++}
                  | (You bought it in a shop on level 2 of the Orcish Mines)
 19569 | Orc:2    | Found a staircase to the Elven Halls.
 19963 | Orc:1    | Reached ****** piety under Dithmenos
 20061 | Orc:1    | Upgraded the game from 0.27-a0-1555-g0e7b3fb1d2 to
                  | 0.27-a0-1559-g299f9947c5
 20299 | Spider:1 | Entered Level 1 of the Spider Nest
 20305 | Spider:1 | Reached skill level 10 in Short Blades
 20576 | Swamp:1  | Entered Level 1 of the Swamp
 21243 | D:12     | Noticed Maurice
 21246 | D:12     | Killed Maurice
 21252 | D:12     | Found Gif Ogee's Magic Scroll Shop.
 21259 | D:12     | Bought a scroll of blinking for 127 gold pieces
 21259 | D:12     | Bought a scroll of fear for 59 gold pieces
 21259 | D:12     | Bought a scroll of fog for 34 gold pieces
 21441 | D:11     | Mangled by a large slime creature

Illustrated notes

Levels and vault maps discovered:
D:1:      lightli_arrival_chessboard, layout_loops_ring, serial_shops,
          shop_fountains, minmay_pentomino_p4
D:2:      layout_basic, fountainhead, corexii_corridor_pit,
          minmay_misc_feat_rugged
D:3:      due_chaos_kobolds, layout_loops_ring, xom_butterflies
D:4:      layout_cave_pools, overflow_temple_1_default, ebering_ghost_gozag,
          corexii_shack, uniq_blork_the_orc, uniq_purgy
D:5:      minmay_evil_eye, layout_cave_pools, mainiacjoe_overflow_24_doors,
          serial_shops, shop, uniq_ijyb, uniq_menkaure
D:6:      minmay_bubble_buster, layout_gridville, serial_shops, shop,
          uniq_edmund, uniq_duvessa, uniq_maggie
D:7:      layout_loops_ring, elyvilon_altar_5, minitemple,
          minmay_temple_entry_ruins, hellmonk_ghost_happy_afterlife,
          nrook_campfire, minmay_misc_feat_plants, uniq_pikel
D:8:      layout_basic, nicolae_gozag_conspicuous_consumption
D:9:      layout_cave_pools, bloody_makhleb, zin_angel, david_lair_generic,
          minmay_orc_entry_temple_small, hangedman_abyss_or_decor_clamps,
          grunt_ministairs_15, uniq_prince_ribbit1
D:10:     layout_cave_pods, minmay_nine_imps
D:11:     minmay_razor_zed, layout_gridville, grunt_decor_arrowhead,
          serial_bayou_lagoon_b
D:12:     layout_gridville, serial_shops, shop, chequers_serial_rivers_marsh,
          uniq_maurice
Temple:   jpeg_temple_clearing
Lair:1:   layout_gridlike, uniq_urug
Lair:2:   layout_regular_city, chequers_serial_rivers_room_a,
          chequers_serial_rivers_large_b, grunt_megastairs_2
Lair:3:   layout_concentric_octagons, dummy_spider_entry, st_stairs_5
Lair:4:   layout_concentric_octagons, nicolae_swamp_entry_splash_gauntlet,
          nzn_ghost_randoct, chequers_serial_rivers_large_a,
          chequers_serial_rivers_micro_d, lemuel_centaur_altar
Lair:5:   layout_regular_city, dpeg_slime_entry_enclosed_altar,
          grunt_megastairs_3, serial_bayou_shore_b, serial_bayou_shore_a,
          lemuel_fruit_fields, infiniplex_staircase_pool, uniq_josephine
Lair:6:   hangedman_lair_in_review, layout_misc_corridors,
          guppyfry_lair_end_dragon, gammafunk_ghost_wrathful_warriors,
          chequers_serial_rivers_small_a, st_stairs_10
Swamp:1:  layout_basic_swamp, evilmike_swamp_ruin_house_6
Spider:1: layout_spider_delve, nicolae_spider_nook
Orc:1:    layout_diamond_mine, serial_shops, shop, uniq_harold
Orc:2:    st_orc_ogre_mass, layout_caves, uniq_azrael

Skill      XL: |  1  2  3  4  5  6  7  8  9 10 11 12 13 14 15 |
---------------+----------------------------------------------+-----
Shields        | 1 2 3 4 |  4.0
Short Blades   | 2 3 5 6 8 9 10 | 10.9
Stealth        | 6 8 11 14 16 20 | 20.4
Air Magic      | 3 5 6 |  6.2
Poison Magic   | 2 4 8 |  8.0
Fighting       | 2 4 7 |  7.8
Armour         | 2 3 4 5 |  5.4
Hexes          | 7 8 10 | 10.0
Spellcasting   | 4 |  4.6
Translocations | 3 |  3.6
Throwing       | |  1.7
Dodging        | |  0.7

Action                   |  1- 3 |  4- 6 |  7- 9 | 10-12 | 13-15 || total
-------------------------+-------+-------+-------+-------+-------++-------
Melee: Dagger            |    86 |   125 |   346 |   665 |   890 ||  2112
       Bite              |    20 |    29 |   134 |   233 |   389 ||   805
       Falchion          |       |       |       |    38 |    28 ||    66
       Short sword       |       |       |       |       |   119 ||   119
Throw: Dart              |    10 |    31 |    61 |    48 |    28 ||   178
 Cast: Mephitic Cloud    |       |       |       |     1 |     2 ||     3
       Olgreb's Toxic Ra |       |       |       |       |    76 ||    76
       Ignite Poison     |       |       |       |       |    31 ||    31
       Ensorcelled Hiber |       |       |       |       |     7 ||     7
Invok: Shadow Step       |       |       |       |       |     5 ||     5
Evoke: Wand              |       |       |    11 |     5 |       ||    16
  Use: Scroll            |       |     1 |     6 |    16 |     7 ||    30
       Potion            |       |       |       |       |     1 ||     1
 Stab: Sleeping          |     7 |     2 |    13 |    21 |    37 ||    80
       Distracted        |       |     1 |       |     3 |     3 ||     7
       Confused          |       |       |       |     1 |     4 ||     5
Armor: Robe              |    16 |    18 |     7 |       |       ||    41
       Troll leather arm |       |       |    42 |       |       ||    42
       Steam dragon scal |       |       |     5 |   144 |   211 ||   360
Dodge: Dodged            |    44 |    48 |   116 |   228 |   518 ||   954
Block: Buckler           |     9 |    74 |   143 |   256 |   412 ||   894
       Reflection        |       |     2 |     7 |     4 |    16 ||    29
       Rpst.: Falchion   |       |       |       |     5 |     1 ||     6

Table legend: (Time is in decaauts)
 A = Elapsed time spent in this place.
 B = Non-inter-level travel time spent in this place.
 C = Inter-level travel time spent in this place.
 D = Time resting spent in this place.
 E = Time spent auto-exploring this place.
 F = Levels seen in this place.
 G = Mean time per level.
                   A        B        C        D        E       F      G
               +--------+--------+--------+--------+--------+-----+--------+
         Total |  20713 |  19203 |   1510 |   2385 |  11637 |  23 |  900.6 |
       Dungeon |  10474 |   9745 |    729 |    811 |   6611 |  12 |  872.8 |
        Temple |    153 |    146 |      7 |      0 |    121 |   1 |  153.0 |
          Lair |   7441 |   6887 |    554 |   1134 |   3972 |   6 | 1240.2 |
         Swamp |    264 |    264 |      0 |     53 |     73 |   1 |  264.0 |
   Spider Nest |    108 |    108 |      0 |      0 |     34 |   1 |  108.0 |
  Orcish Mines |   2271 |   2052 |    219 |    387 |    825 |   2 | 1135.5 |
               +--------+--------+--------+--------+--------+-----+--------+

Top non-repeatable levels by time:
  Lair:6: 2006 daAuts
  Lair:4: 1377 daAuts
     D:6: 1327 daAuts
     D:9: 1233 daAuts
     D:2: 1218 daAuts
   Orc:1: 1153 daAuts
  Lair:5: 1148 daAuts
   Orc:2: 1117 daAuts
  Lair:2: 1099 daAuts
     D:5: 1086 daAuts
    D:10: 1055 daAuts
     D:4: 978 daAuts
  Lair:3: 938 daAuts
     D:3: 889 daAuts
  Lair:1: 871 daAuts
